 Dungeon Crawl Stone Soup version 0.23-b1-84-g6588a6b (webtiles) character file.

Game seed: 16347217463085997119

5455 rubyweapon the Cleaver (level 10, -2/86 HPs)
             Began as a Minotaur Berserker on Feb 10, 2019.
             Was an Elder of Trog.
             Slain by a seven-headed hydra (6 damage)
             ... on level 13 of the Dungeon.
             The game lasted 00:40:08 (7865 turns).

rubyweapon the Cleaver (Minotaur Berserker)         Turns: 7865, Time: 00:40:08

Health: -2/86      AC: 17    Str: 30    XL:     10   Next: 41%
Magic:  9/9        EV:  9    Int:  4    God:    Trog [****..]
Gold:   525        SH:  0    Dex: 10    Spells: 9/9 levels left

rFire    + . .     SeeInvis .   a - +0 mace (holy)
rCold    . . .     Gourm    .   (no shield)
rNeg     . . .     Faith    .   u - +0 plate armour
rPois    .         Spirit   .   (helmet restricted)
rElec    .         Reflect  .   m - +0 cloak
rCorr    .         Harm     .   q - +1 pair of gloves
MR       .....                  (no boots)
Stlth    ..........             (no amulet)
HPRegen  0.24/turn              w - ring of protection from fire
MPRegen  0.11/turn              C - +5 ring of strength

@: about to teleport
A: retaliatory headbutt, horns 2
a: Berserk, Trog's Hand, Brothers in Arms, Renounce Religion


You were on level 13 of the Dungeon.
You worshipped Trog.
Trog was greatly pleased with you.
You were not hungry.

You visited 1 branch of the dungeon, and saw 11 of its levels.

You collected 525 gold pieces.

Inventory:

Hand Weapons
 a - a +0 mace of holy wrath (weapon)
 b - a +3 hand axe
 l - a +0 war axe
 n - a cursed -1 mace
 s - a +0 battleaxe
Armour
 g - a +0 chain mail
 m - a +0 cloak (worn)
 q - a +1 pair of gloves (worn)
 u - a +0 plate armour (worn)
Jewellery
 c - a +3 ring of strength
 d - an uncursed ring of protection from cold
 o - an uncursed ring of flight
 w - a ring of protection from fire (left hand)
 B - an uncursed ring of positive energy
 C - a +5 ring of strength (right hand)
 D - an uncursed ring of ice
Wands
 k - a wand of disintegration (20)
 y - a wand of acid (12)
Scrolls
 f - 2 scrolls of identify
 i - 2 scrolls of noise
 j - 2 scrolls of blinking
 p - 2 scrolls of magic mapping
 r - 2 scrolls of teleportation
 x - a scroll of remove curse
 z - a scroll of fear
Potions
 e - 2 potions of cancellation
 h - 2 potions of curing
 t - 2 potions of agility
 v - a potion of magic
 A - a potion of flight


   Skills:
 + Level 7.6 Fighting
 * Level 14.7 Axes
 + Level 8.2 Armour
 + Level 3.4 Dodging
 + Level 0.8 Stealth
 + Level 0.4 Evocations


You had 9 spell levels left.
You didn't know any spells.
Your spell library was empty.

Dungeon Overview and Level Annotations

Branches:
Dungeon (13/15)            Temple (0/1) D:7
   Lair: D:8-11         Orc: D:9-12      Vaults: D:13-14

Altars:
Ashenzari
Cheibriados
Fedhas
Kikubaaqudgha
Makhleb
Nemelex Xobeh
Okawaru
Qazlal
Sif Muna
Trog
Uskayaw
Wu Jian
The Shining One

Shops:
D:6 (

Annotations:
D:5 exclusion: oklob plant


Innate Abilities, Weirdness & Mutations

You reflexively headbutt those who attack you in melee.
You have a pair of horns on your head.


Message History

The seven-headed hydra bites you!
* * * LOW HITPOINT WARNING * * *
The seven-headed hydra bites you but does no damage.
The seven-headed hydra bites you.
* * * LOW HITPOINT WARNING * * *
The seven-headed hydra bites you but does no damage.
You climb downwards.
A jelly comes into view.
The jelly quivers.
There is a stone staircase leading up here.
As you read the scroll of teleportation, it crumbles to dust.
You feel strangely unstable.
The seven-headed hydra bites you but does no damage. x2
The seven-headed hydra bites you.
* * * LOW HITPOINT WARNING * * *
The seven-headed hydra bites you but does no damage.
The seven-headed hydra misses you. The seven-headed hydra bites you.
* * * LOW HITPOINT WARNING * * *
The seven-headed hydra bites you.
You die...

#. #. #. #. #
#. ..#.##.
.......#######.
#.@D..J...
##########


You could see a seven-headed hydra and a jelly.

Vanquished Creatures
  Fannar (D:12)
  Pikel (D:7)
  An ugly thing (D:12)
  Prince Ribbit (D:6)
  A hippogriff (D:12)
  A hungry ghost (D:8)
  4 orc warriors
  4 sky beasts
  An ice beast (D:7)
  A phantom (D:5)
  2 ogres
  4 centaurs
  2 bullfrogs
  A big kobold (D:7)
  A wyvern skeleton (D:6)
  A water moccasin skeleton (D:8)
  A scorpion (D:8)
  3 howler monkeys
  3 crimson imps
  A lava snake (D:7)
  A quasit (D:8)
  Crazy Yiuf (D:3)
  A bullfrog zombie (D:5)
  5 hounds
  2 jellies
  3 orc priests
  Ijyb (D:3)
  Natasha (D:3)
  6 iguanas
  2 orc wizards
  4 worker ants
  A hound zombie (D:5)
  A howler monkey zombie (D:8)
  13 adders
  2 shadow imps
  2 oozes
  An adder skeleton (D:6)
  A worm (D:2)
  2 dart slugs
  2 leopard geckos
  23 orcs
  8 bats
  15 giant cockroaches
  7 goblins
  6 hobgoblins
  2 jackals (D:7)
  8 kobolds
  4 quokkas
  2 ball pythons (D:5)
  A frilled lizard (D:2)
  3 jackal skeletons
  A leopard gecko skeleton (D:5)
  A leopard gecko zombie (D:6)
  A quokka skeleton (D:6)
  5 rats
  6 fungi (D:5)
  9 plants (D:5)
189 creatures vanquished.

Vanquished Creatures (collateral kills)
  A two-headed ogre (D:8)
  A crimson imp (D:8)
  An orc wizard (D:7)
  3 orcs (D:7)
6 creatures vanquished.

Vanquished Creatures (others)
  3 slaves (D:7)
  A wyvern skeleton (D:7)
  An orc wizard (D:7)
  3 orcs (D:7)
  A plant (D:4)
9 creatures vanquished.

Grand Total: 204 creatures vanquished

Notes
Turn   | Place    | Note
-------+----------+-------------------------------------------
     0 | D:1      | rubyweapon the Minotaur Berserker began the quest for the
                  | Orb.
     0 | D:1      | Reached XP level 1. HP: 19/19 MP: 0/0
   722 | D:2      | Found a sparkling altar of Nemelex Xobeh.
   754 | D:2      | Reached XP level 2. HP: 6/27 MP: 1/1
  1201 | D:2      | Reached skill level 4 in Axes
  1220 | D:2      | Reached XP level 3. HP: 21/33 MP: 2/2
  1225 | D:2      | Reached ** piety under Trog
  1508 | D:2      | Found a hide-covered altar of Uskayaw.
  1508 | D:2      | Found an iron altar of Okawaru.
  2124 | D:3      | Reached XP level 4. HP: 29/41 MP: 3/3
  2126 | D:3      | Reached skill level 5 in Axes
  2402 | D:3      | Reached XP level 5. HP: 19/47 MP: 4/4
  2432 | D:5      | Entered Level 5 of the Dungeon
  2659 | D:3      | Noticed Ijyb
  2666 | D:3      | Killed Ijyb
  2666 | D:3      | Reached skill level 6 in Axes
  2836 | D:3      | Found a deep blue altar of Sif Muna.
  2877 | D:3      | Found a runed translucent door.
  2878 | D:3      | Noticed Crazy Yiuf
  2885 | D:3      | Killed Crazy Yiuf
  3071 | D:3      | Noticed Natasha
  3077 | D:3      | Killed Natasha
  3077 | D:3      | Reached XP level 6. HP: 55/55 MP: 5/5
  3231 | D:4      | Found an ancient bone altar of Kikubaaqudgha.
  3234 | D:4      | Reached *** piety under Trog
  3276 | D:4      | Found a burning altar of Makhleb.
  3418 | D:4      | Found a glowing golden altar of the Shining One.
  3418 | D:4      | Found a stormy altar of Qazlal.
  3463 | D:4      | Found a snail-covered altar of Cheibriados.
  3465 | D:4      | Found a faded altar of an unknown god.
  3466 | D:4      | Found a faded altar of an unknown god.
  3655 | D:4      | Reached skill level 7 in Axes
  3659 | D:4      | Reached skill level 5 in Fighting
  3811 | D:4      | Found a bloodstained altar of Trog.
  4046 | D:5      | Reached XP level 7. HP: 38/61 MP: 4/6
  4436 | D:5      | Found a blossoming altar of Fedhas.
  4451 | D:5      | Noticed an oklob plant
  4690 | D:5      | Reached skill level 8 in Axes
  4729 | D:5      | Reached skill level 5 in Armour
  4948 | D:6      | Reached skill level 9 in Axes
  5038 | D:6      | Noticed Prince Ribbit
  5083 | D:6      | Killed Prince Ribbit
  5083 | D:6      | Reached XP level 8. HP: 70/70 MP: 7/7
  5128 | D:6      | Found Uckynnut's Weapon Shop.
  5303 | D:6      | Reached skill level 10 in Axes
  5703 | D:7      | Found a staircase to the Ecumenical Temple.
  5726 | D:7      | Noticed Pikel
  5732 | D:7      | Killed Pikel
  5732 | D:7      | Reached skill level 11 in Axes
  5732 | D:7      | Reached XP level 9. HP: 71/78 MP: 8/8
  5912 | D:7      | Reached **** piety under Trog
  5989 | D:7      | Found an ornate altar of the Wu Jian Council.
  6029 | D:7      | Reached skill level 12 in Axes
  7153 | D:8      | Reached skill level 13 in Axes
  7176 | D:8      | Noticed a two-headed ogre
  7181 | D:8      | Killed a two-headed ogre
  7332 | D:8      | Reached XP level 10. HP: 86/86 MP: 9/9
  7424 | D:8      | Found a shattered altar of Ashenzari.
  7485 | D:9      | You fall through a shaft for 3 floors!
  7682 | D:12     | Reached skill level 14 in Axes
  7714 | D:12     | Noticed Fannar
  7737 | D:12     | Killed Fannar
  7752 | D:12     | Noticed a cyan ugly thing
  7760 | D:12     | Killed a cyan ugly thing
  7850 | D:12     | Noticed a seven-headed hydra
  7865 | D:13     | HP: 4/86 [seven-headed hydra (2)]
  7865 | D:13     | Slain by a seven-headed hydra

Skill      XL: |  1  2  3  4  5  6  7  8  9 10 |
---------------+-------------------------------+-----
Fighting       | 4 5 6 7 |  7.6
Axes           | 4 5 6 7 9 11 13 14 | 14.7
Armour         | 3 4 5 6 7 8 |  8.2
Dodging        | 3 |  3.4
Stealth        | |  0.8
Evocations     | |  0.4

Action                   |  1- 3 |  4- 6 |  7- 9 | 10-12 || total
-------------------------+-------+-------+-------+-------++-------
Melee: Hand axe          |    83 |   101 |     2 |       ||   186
       Headbutt          |    17 |    17 |    53 |    11 ||    98
       Battleaxe         |       |       |   265 |    40 ||   305
       Mace              |       |       |       |     2 ||     2
Invok: Berserk           |     2 |     4 |     3 |       ||     9
       Brothers in Arms  |       |       |     2 |       ||     2
 Abil: Evoke Flight      |       |     1 |     1 |       ||     2
  Use: Scroll            |     7 |     4 |    11 |     2 ||    24
       Potion            |     3 |     1 |       |       ||     4
 Stab: Sleeping          |     1 |       |       |       ||     1
  Eat: Ration            |     2 |     2 |     5 |     1 ||    10
       Chunk             |       |     3 |       |       ||     3
Armor: Animal skin       |    30 |       |       |       ||    30
       Chain mail        |    14 |    66 |    41 |       ||   121
       Plate armour      |       |       |    83 |    39 ||   122
Dodge: Dodged            |    60 |    57 |   118 |    17 ||   252
